%YAML 1.1
%TAG !u! tag:unity3d.com,2011:
--- !u!1 &3565356956302018760
GameObject:
  m_ObjectHideFlags: 0
  m_CorrespondingSourceObject: {fileID: 0}
  m_PrefabInstance: {fileID: 0}
  m_PrefabAsset: {fileID: 0}
  serializedVersion: 6
  m_Component:
  - component: {fileID: 513947580926753499}
  - component: {fileID: 8825628262542622957}
  - component: {fileID: 2974178189842824212}
  - component: {fileID: 5364839196478258533}
  m_Layer: 10
  m_Name: Para pavimento porto
  m_TagString: Untagged
  m_Icon: {fileID: 0}
  m_NavMeshLayer: 0
  m_StaticEditorFlags: 4294967295
  m_IsActive: 1
--- !u!4 &513947580926753499
Transform:
  m_ObjectHideFlags: 0
  m_CorrespondingSourceObject: {fileID: 0}
  m_PrefabInstance: {fileID: 0}
  m_PrefabAsset: {fileID: 0}
  m_GameObject: {fileID: 3565356956302018760}
  m_LocalRotation: {x: -0.7069834, y: 0, z: 0, w: 0.7072302}
  m_LocalPosition: {x: -568.0228, y: 3.1509001, z: 38.333427}
  m_LocalScale: {x: 100, y: 100, z: 173.8}
  m_Children:
  - {fileID: 7515020937703862672}
  - {fileID: 1996272443682903277}
  - {fileID: 7902127841054873521}
  m_Father: {fileID: 0}
  m_RootOrder: 0
  m_LocalEulerAnglesHint: {x: -89.98, y: 0, z: 0}
--- !u!33 &8825628262542622957
MeshFilter:
  m_ObjectHideFlags: 0
  m_CorrespondingSourceObject: {fileID: 0}
  m_PrefabInstance: {fileID: 0}
  m_PrefabAsset: {fileID: 0}
  m_GameObject: {fileID: 3565356956302018760}
  m_Mesh: {fileID: 9020231353913244184, guid: a27f4be91de93d84b96842bd141d1cb5, type: 3}
--- !u!23 &2974178189842824212
MeshRenderer:
  m_ObjectHideFlags: 0
  m_CorrespondingSourceObject: {fileID: 0}
  m_PrefabInstance: {fileID: 0}
  m_PrefabAsset: {fileID: 0}
  m_GameObject: {fileID: 3565356956302018760}
  m_Enabled: 1
  m_CastShadows: 1
  m_ReceiveShadows: 1
  m_DynamicOccludee: 1
  m_MotionVectors: 1
  m_LightProbeUsage: 1
  m_ReflectionProbeUsage: 1
  m_RayTracingMode: 2
  m_RenderingLayerMask: 1
  m_RendererPriority: 0
  m_Materials:
  - {fileID: 2100000, guid: 2f111573e582afb45b6c11c62f14fda2, type: 2}
  m_StaticBatchInfo:
    firstSubMesh: 0
    subMeshCount: 0
  m_StaticBatchRoot: {fileID: 0}
  m_ProbeAnchor: {fileID: 0}
  m_LightProbeVolumeOverride: {fileID: 0}
  m_ScaleInLightmap: 1
  m_ReceiveGI: 1
  m_PreserveUVs: 0
  m_IgnoreNormalsForChartDetection: 0
  m_ImportantGI: 0
  m_StitchLightmapSeams: 1
  m_SelectedEditorRenderState: 3
  m_MinimumChartSize: 4
  m_AutoUVMaxDistance: 0.5
  m_AutoUVMaxAngle: 89
  m_LightmapParameters: {fileID: 0}
  m_SortingLayerID: 0
  m_SortingLayer: 0
  m_SortingOrder: 0
--- !u!65 &5364839196478258533
BoxCollider:
  m_ObjectHideFlags: 0
  m_CorrespondingSourceObject: {fileID: 0}
  m_PrefabInstance: {fileID: 0}
  m_PrefabAsset: {fileID: 0}
  m_GameObject: {fileID: 3565356956302018760}
  m_Material: {fileID: 0}
  m_IsTrigger: 0
  m_Enabled: 1
  serializedVersion: 2
  m_Size: {x: 0.0070229075, y: 0.049841527, z: 0.0038812726}
  m_Center: {x: 0.0023430376, y: -0.0014490462, z: 0.0004627656}
--- !u!1001 &3256106342354492042
PrefabInstance:
  m_ObjectHideFlags: 0
  serializedVersion: 2
  m_Modification:
    m_TransformParent: {fileID: 513947580926753499}
    m_Modifications:
    - target: {fileID: -4216859302048453862, guid: a36fc1bd1539f0e48a119ec03985523a,
        type: 3}
      propertyPath: m_LocalPosition.x
      value: -0.0007
      objectReference: {fileID: 0}
    - target: {fileID: -4216859302048453862, guid: a36fc1bd1539f0e48a119ec03985523a,
        type: 3}
      propertyPath: m_LocalPosition.y
      value: -0.0238
      objectReference: {fileID: 0}
    - target: {fileID: -4216859302048453862, guid: a36fc1bd1539f0e48a119ec03985523a,
        type: 3}
      propertyPath: m_LocalPosition.z
      value: 0.00167
      objectReference: {fileID: 0}
    - target: {fileID: -4216859302048453862, guid: a36fc1bd1539f0e48a119ec03985523a,
        type: 3}
      propertyPath: m_LocalRotation.x
      value: 0.9234036
      objectReference: {fileID: 0}
    - target: {fileID: -4216859302048453862, guid: a36fc1bd1539f0e48a119ec03985523a,
        type: 3}
      propertyPath: m_LocalRotation.y
      value: 0.029650694
      objectReference: {fileID: 0}
    - target: {fileID: -4216859302048453862, guid: a36fc1bd1539f0e48a119ec03985523a,
        type: 3}
      propertyPath: m_LocalRotation.z
      value: 0.38249233
      objectReference: {fileID: 0}
    - target: {fileID: -4216859302048453862, guid: a36fc1bd1539f0e48a119ec03985523a,
        type: 3}
      propertyPath: m_LocalRotation.w
      value: 0.012092916
      objectReference: {fileID: 0}
    - target: {fileID: -4216859302048453862, guid: a36fc1bd1539f0e48a119ec03985523a,
        type: 3}
      propertyPath: m_RootOrder
      value: 0
      objectReference: {fileID: 0}
    - target: {fileID: -4216859302048453862, guid: a36fc1bd1539f0e48a119ec03985523a,
        type: 3}
      propertyPath: m_LocalEulerAnglesHint.x
      value: -0.020000001
      objectReference: {fileID: 0}
    - target: {fileID: -4216859302048453862, guid: a36fc1bd1539f0e48a119ec03985523a,
        type: 3}
      propertyPath: m_LocalEulerAnglesHint.y
      value: 135
      objectReference: {fileID: 0}
    - target: {fileID: -4216859302048453862, guid: a36fc1bd1539f0e48a119ec03985523a,
        type: 3}
      propertyPath: m_LocalEulerAnglesHint.z
      value: 176.33
      objectReference: {fileID: 0}
    - target: {fileID: -4216859302048453862, guid: a36fc1bd1539f0e48a119ec03985523a,
        type: 3}
      propertyPath: m_LocalScale.x
      value: 1
      objectReference: {fileID: 0}
    - target: {fileID: -4216859302048453862, guid: a36fc1bd1539f0e48a119ec03985523a,
        type: 3}
      propertyPath: m_LocalScale.y
      value: 0.9999998
      objectReference: {fileID: 0}
    - target: {fileID: -4216859302048453862, guid: a36fc1bd1539f0e48a119ec03985523a,
        type: 3}
      propertyPath: m_LocalScale.z
      value: 0.8474575
      objectReference: {fileID: 0}
    - target: {fileID: -1504981713932161579, guid: a36fc1bd1539f0e48a119ec03985523a,
        type: 3}
      propertyPath: m_Materials.Array.data[0]
      value: 
      objectReference: {fileID: 2100000, guid: 960a4f2689b8f39408d307f4b3ab78aa, type: 2}
    - target: {fileID: -927199367670048503, guid: a36fc1bd1539f0e48a119ec03985523a,
        type: 3}
      propertyPath: m_Name
      value: Boe
      objectReference: {fileID: 0}
    - target: {fileID: -927199367670048503, guid: a36fc1bd1539f0e48a119ec03985523a,
        type: 3}
      propertyPath: m_IsActive
      value: 1
      objectReference: {fileID: 0}
    - target: {fileID: -927199367670048503, guid: a36fc1bd1539f0e48a119ec03985523a,
        type: 3}
      propertyPath: m_StaticEditorFlags
      value: 4294967295
      objectReference: {fileID: 0}
    m_RemovedComponents: []
  m_SourcePrefab: {fileID: 100100000, guid: a36fc1bd1539f0e48a119ec03985523a, type: 3}
--- !u!4 &7515020937703862672 stripped
Transform:
  m_CorrespondingSourceObject: {fileID: -4216859302048453862, guid: a36fc1bd1539f0e48a119ec03985523a,
    type: 3}
  m_PrefabInstance: {fileID: 3256106342354492042}
  m_PrefabAsset: {fileID: 0}
--- !u!1001 &4118904524262752139
PrefabInstance:
  m_ObjectHideFlags: 0
  serializedVersion: 2
  m_Modification:
    m_TransformParent: {fileID: 513947580926753499}
    m_Modifications:
    - target: {fileID: 6089067567524276282, guid: 04ae79a3acd164c429a12658d36e4cbb,
        type: 3}
      propertyPath: m_LocalPosition.x
      value: -0.0036
      objectReference: {fileID: 0}
    - target: {fileID: 6089067567524276282, guid: 04ae79a3acd164c429a12658d36e4cbb,
        type: 3}
      propertyPath: m_LocalPosition.y
      value: 0.008879113
      objectReference: {fileID: 0}
    - target: {fileID: 6089067567524276282, guid: 04ae79a3acd164c429a12658d36e4cbb,
        type: 3}
      propertyPath: m_LocalPosition.z
      value: -0.014803544
      objectReference: {fileID: 0}
    - target: {fileID: 6089067567524276282, guid: 04ae79a3acd164c429a12658d36e4cbb,
        type: 3}
      propertyPath: m_LocalRotation.x
      value: -0.49915946
      objectReference: {fileID: 0}
    - target: {fileID: 6089067567524276282, guid: 04ae79a3acd164c429a12658d36e4cbb,
        type: 3}
      propertyPath: m_LocalRotation.y
      value: -0.5008398
      objectReference: {fileID: 0}
    - target: {fileID: 6089067567524276282, guid: 04ae79a3acd164c429a12658d36e4cbb,
        type: 3}
      propertyPath: m_LocalRotation.z
      value: -0.5006649
      objectReference: {fileID: 0}
    - target: {fileID: 6089067567524276282, guid: 04ae79a3acd164c429a12658d36e4cbb,
        type: 3}
      propertyPath: m_LocalRotation.w
      value: -0.49933353
      objectReference: {fileID: 0}
    - target: {fileID: 6089067567524276282, guid: 04ae79a3acd164c429a12658d36e4cbb,
        type: 3}
      propertyPath: m_RootOrder
      value: 2
      objectReference: {fileID: 0}
    - target: {fileID: 6089067567524276282, guid: 04ae79a3acd164c429a12658d36e4cbb,
        type: 3}
      propertyPath: m_LocalEulerAnglesHint.x
      value: 359.827
      objectReference: {fileID: 0}
    - target: {fileID: 6089067567524276282, guid: 04ae79a3acd164c429a12658d36e4cbb,
        type: 3}
      propertyPath: m_LocalEulerAnglesHint.y
      value: -270
      objectReference: {fileID: 0}
    - target: {fileID: 6089067567524276282, guid: 04ae79a3acd164c429a12658d36e4cbb,
        type: 3}
      propertyPath: m_LocalEulerAnglesHint.z
      value: -270.02
      objectReference: {fileID: 0}
    - target: {fileID: 6089067567524276282, guid: 04ae79a3acd164c429a12658d36e4cbb,
        type: 3}
      propertyPath: m_LocalScale.x
      value: 0.009999998
      objectReference: {fileID: 0}
    - target: {fileID: 6089067567524276282, guid: 04ae79a3acd164c429a12658d36e4cbb,
        type: 3}
      propertyPath: m_LocalScale.y
      value: 0.005753739
      objectReference: {fileID: 0}
    - target: {fileID: 6089067567524276282, guid: 04ae79a3acd164c429a12658d36e4cbb,
        type: 3}
      propertyPath: m_LocalScale.z
      value: 0.01
      objectReference: {fileID: 0}
    - target: {fileID: 7123550465844058665, guid: 04ae79a3acd164c429a12658d36e4cbb,
        type: 3}
      propertyPath: m_Name
      value: Barrier_port (1)
      objectReference: {fileID: 0}
    m_RemovedComponents: []
  m_SourcePrefab: {fileID: 100100000, guid: 04ae79a3acd164c429a12658d36e4cbb, type: 3}
--- !u!4 &7902127841054873521 stripped
Transform:
  m_CorrespondingSourceObject: {fileID: 6089067567524276282, guid: 04ae79a3acd164c429a12658d36e4cbb,
    type: 3}
  m_PrefabInstance: {fileID: 4118904524262752139}
  m_PrefabAsset: {fileID: 0}
--- !u!1001 &5707355424416349399
PrefabInstance:
  m_ObjectHideFlags: 0
  serializedVersion: 2
  m_Modification:
    m_TransformParent: {fileID: 513947580926753499}
    m_Modifications:
    - target: {fileID: 6089067567524276282, guid: 04ae79a3acd164c429a12658d36e4cbb,
        type: 3}
      propertyPath: m_LocalPosition.x
      value: -0.0036
      objectReference: {fileID: 0}
    - target: {fileID: 6089067567524276282, guid: 04ae79a3acd164c429a12658d36e4cbb,
        type: 3}
      propertyPath: m_LocalPosition.y
      value: -0.00860635
      objectReference: {fileID: 0}
    - target: {fileID: 6089067567524276282, guid: 04ae79a3acd164c429a12658d36e4cbb,
        type: 3}
      propertyPath: m_LocalPosition.z
      value: -0.014796528
      objectReference: {fileID: 0}
    - target: {fileID: 6089067567524276282, guid: 04ae79a3acd164c429a12658d36e4cbb,
        type: 3}
      propertyPath: m_LocalRotation.x
      value: -0.49915946
      objectReference: {fileID: 0}
    - target: {fileID: 6089067567524276282, guid: 04ae79a3acd164c429a12658d36e4cbb,
        type: 3}
      propertyPath: m_LocalRotation.y
      value: -0.5008398
      objectReference: {fileID: 0}
    - target: {fileID: 6089067567524276282, guid: 04ae79a3acd164c429a12658d36e4cbb,
        type: 3}
      propertyPath: m_LocalRotation.z
      value: -0.5006649
      objectReference: {fileID: 0}
    - target: {fileID: 6089067567524276282, guid: 04ae79a3acd164c429a12658d36e4cbb,
        type: 3}
      propertyPath: m_LocalRotation.w
      value: -0.49933353
      objectReference: {fileID: 0}
    - target: {fileID: 6089067567524276282, guid: 04ae79a3acd164c429a12658d36e4cbb,
        type: 3}
      propertyPath: m_RootOrder
      value: 1
      objectReference: {fileID: 0}
    - target: {fileID: 6089067567524276282, guid: 04ae79a3acd164c429a12658d36e4cbb,
        type: 3}
      propertyPath: m_LocalEulerAnglesHint.x
      value: 359.827
      objectReference: {fileID: 0}
    - target: {fileID: 6089067567524276282, guid: 04ae79a3acd164c429a12658d36e4cbb,
        type: 3}
      propertyPath: m_LocalEulerAnglesHint.y
      value: -270
      objectReference: {fileID: 0}
    - target: {fileID: 6089067567524276282, guid: 04ae79a3acd164c429a12658d36e4cbb,
        type: 3}
      propertyPath: m_LocalEulerAnglesHint.z
      value: -270.02
      objectReference: {fileID: 0}
    - target: {fileID: 6089067567524276282, guid: 04ae79a3acd164c429a12658d36e4cbb,
        type: 3}
      propertyPath: m_LocalScale.x
      value: 0.009999998
      objectReference: {fileID: 0}
    - target: {fileID: 6089067567524276282, guid: 04ae79a3acd164c429a12658d36e4cbb,
        type: 3}
      propertyPath: m_LocalScale.y
      value: 0.005753739
      objectReference: {fileID: 0}
    - target: {fileID: 6089067567524276282, guid: 04ae79a3acd164c429a12658d36e4cbb,
        type: 3}
      propertyPath: m_LocalScale.z
      value: 0.01
      objectReference: {fileID: 0}
    - target: {fileID: 7123550465844058665, guid: 04ae79a3acd164c429a12658d36e4cbb,
        type: 3}
      propertyPath: m_Name
      value: Barrier_port
      objectReference: {fileID: 0}
    m_RemovedComponents: []
  m_SourcePrefab: {fileID: 100100000, guid: 04ae79a3acd164c429a12658d36e4cbb, type: 3}
--- !u!4 &1996272443682903277 stripped
Transform:
  m_CorrespondingSourceObject: {fileID: 6089067567524276282, guid: 04ae79a3acd164c429a12658d36e4cbb,
    type: 3}
  m_PrefabInstance: {fileID: 5707355424416349399}
  m_PrefabAsset: {fileID: 0}
